 Dungeon Crawl Stone Soup version 0.29.1-15-g9cfb28693d (webtiles) character file.

Game seed: 7141114601338423210

41 leafyfresh the Sneak (level 3, -9/26 HPs)
             Began as an Octopode Delver on Apr 6, 2023.
             Splashed by a jelly's acid (10 damage)
             ... on level 5 of the Dungeon.
             The game lasted 00:00:29 (572 turns).

leafyfresh the Sneak (Octopode Delver)               Turns: 572, Time: 00:00:29

Health: -9/26      AC: -3    Str: 11    XL:     3   Next: 52%
Magic:  3/3        EV: 13    Int: 14    God:
Gold:   47         SH:  0    Dex: 13    Spells: 2/2 levels left

rFire   . . .      SeeInvis .   a - +0 short sword
rCold   . . .      Faith    .   (no shield)
rNeg    . . .      Spirit   .   (helmet restricted)
rPois   .          Reflect  .   (no amulet)
rElec   .          Harm     .   (no ring)
rCorr   .          Rampage  .   (no ring)
Will    .....                   (no ring)
Stlth   ++++......              (no ring)
HPRegen 0.08/turn               (no ring)
MPRegen 0.08/turn               (no ring)
                                (no ring)
                                (no ring)

@: corroded
A: almost no armour, amphibious, 8 rings, camouflage 1, gelatinous body 1,
(nimble swimmer 1), tentacles
a: no special abilities


You were on level 5 of the Dungeon.
You visited 1 branch of the dungeon, and saw 1 of its levels.

You collected 47 gold pieces.

Inventory:

Hand Weapons
 a - a +0 short sword (weapon)
Wands
 f - a wand of digging (3)
 g - a wand of paralysis (6)
 h - a wand of roots (13)
Scrolls
 b - a scroll of fog
 c - a scroll of magic mapping
 d - a scroll of fear
Potions
 e - a potion of haste


   Skills:
 + Level 3.3 Fighting
 + Level 2.5 Short Blades
 + Level 2.5 Dodging
 + Level 7.0 Stealth


You had 2 spell levels left.
You didn't know any spells.
Your spell library contained the following spells:

 Spells                   Type           Power      Damage    Failure   Level
 Summon Lightning Spire   Summ/Air       0%         N/A       96%         4
 Storm Form               Tmut/Air       0%         N/A       100%        7
 Maxwell's Capacitive Co  Air            0%         ∞         100%        8


Dungeon Overview and Level Annotations

Branches:
Dungeon (5/15)
 Temple: D:4-7

Altars:

Annotations:
D:5 Eustachio


Innate Abilities, Weirdness & Mutations

You cannot wear most types of armour.
You are amphibious.
You can wear up to eight rings at the same time.
Your skin changes colour to match your surroundings (Stealth+).
Your rubbery body absorbs attacks. (AC +1, EV +1)
((You are camouflaged when in or above water. (Stealth+)))
You have tentacles for arms and can constrict up to eight enemies at once.


Message History

The ufetubus barely misses you.
The ufetubus hits you but does no damage.
The ufetubus hits you. x2
A jelly comes into view.
You closely miss the ufetubus.
The jelly quivers.
Your grab misses the ufetubus. The ufetubus hits you.
The ufetubus hits you but does no damage.
You miss the ufetubus. You grab the ufetubus. You squeeze the ufetubus.
You kill the ufetubus!
The orc hits you with a +0 flail.
You are too injured to fight recklessly!
You are too injured to fight recklessly!
Unknown command.
You are too injured to fight recklessly!
Unknown command.
You hit the orc. Your grab misses the orc. Your squeeze misses the orc.
The orc is heavily wounded.
Unknown command.
The orc shouts!
You hit the orc but do no damage. You grab the orc.
You squeeze the orc, but do no damage.
The orc is heavily wounded.
You constrict the orc.
You hear a shout!
Eustachio the Magnificent comes into view.
He is wielding a +0 rapier.
The jelly closely misses you. The orc hits you with a +0 flail!
* * * LOW HITPOINT WARNING * * *
You hit the orc.
You kill the orc!
The jelly closely misses you.
Unknown command.
You hit the jelly. The acid corrodes you!
Your tentacles burn!
* * * LOW HITPOINT WARNING * * *
You squeeze the jelly!
The jelly is severely wounded.
The jelly hits you.
* * * LOW HITPOINT WARNING * * *
You are splashed with acid!
You die...

#####.#.#.#
...#.#.#..
########.#.#....
#..........#####
#########....(.....#
...........######..#
.............# #.##
..........##.# #.#
......)@..# .# #.#
.......J..# # #.#
..........# #.#
.......<..#
...o...@...
##.####.#### #. #..
o ###


You could see Eustachio, a jelly and 2 orcs.

Vanquished Creatures
  An iguana (D:5)
  An adder (D:5)
  An ufetubus (D:5)
  An orc (D:5)
4 creatures vanquished.

Notes
Turn   | Place    | Note
-------+----------+-------------------------------------------
     0 | D:5      | leafyfresh the Octopode Delver began the quest for the Orb.
     0 | D:5      | Reached XP level 1. HP: 16/16 MP: 1/1
    15 | D:5      | Noticed an orc wizard
    28 | D:5      | Noticed a lemure
   149 | D:5      | Reached XP level 2. HP: 18/21 MP: 2/2
   172 | D:5      | Reached skill level 7 in Stealth
   172 | D:5      | Reached XP level 3. HP: 4/26 MP: 3/3
   570 | D:5      | Noticed Eustachio
   572 | D:5      | HP: 1/26 [jelly (3)]
   572 | D:5      | Splashed by a jelly's acid

Illustrated notes

Levels and vault maps discovered:
D:5:      layout_basic, moated_statue, st_stairs_1,
          chequers_serial_rivers_large_a, uniq_grinder, uniq_pikel,
          uniq_eustachio, uniq_blork_the_orc

Skill      XL: |  1  2 |
---------------+-------+-----
Stealth        | 7 |  7.0
Fighting       | |  3.3
Short Blades   | |  2.5
Dodging        | |  2.5

Action                   || total
-------------------------++-------
Melee: Short sword       ||    16
       Tentacles         ||     7
       Constrict         ||     4
Armor: Skin              ||     2
Dodge: Dodged            ||     9
